Sarnia Sailors vs Orlando Solar Bears
Created - Friday, May 19, 2023 at 07:04
Goals
|
| Sarnia Sailors |
3 |
3 |
2 |
8 |
| Orlando Solar Bears |
1 |
1 |
1 |
3 |
|
Shots
|
| Sarnia Sailors |
11 |
12 |
6 |
29 |
| Orlando Solar Bears |
17 |
15 |
8 |
40 |
|
1st period
1. Sarnia Sailors , Vasily Podkolzin 35 (Dominic Toninato 33) at 8:04 (PP)
2. Sarnia Sailors , Dylan McLaughlin 18 (Vasily Podkolzin 56) at 9:46 (PP)
3. Sarnia Sailors , Keegan Kolesar 34 (Vasily Podkolzin 57, Dominic Toninato 34) at 12:17 (PP)
4. Orlando Solar Bears , Jason Dickinson 41 (Jordan Martinook 44, John Leonard 37) at 16:45 (PP)
Penalties :
Jordan Martinook (OSB) for Holding (Minor) at 7:55, Linus Weissbach (OSB) for Fighting (Major) at 9:12, Rob Hamilton (SAR) for Fighting (Major) at 9:12, Linus Weissbach (OSB) for instigated a fight (Minor) at 9:12, Linus Weissbach (OSB) for instigated a fight (10 Minutes Misconduct) at 9:12, Emilio Pettersen (OSB) for Hooking (Minor) at 12:13, Aleksi Heponiemi (SAR) for Hooking (Minor) at 13:33, Isaak Phillips (OSB) for Fighting (Major) at 16:29, Keegan Kolesar (SAR) for Fighting (Major) at 16:29, Keegan Kolesar (SAR) for instigated a fight (Minor) at 16:29, Keegan Kolesar (SAR) for instigated a fight (10 Minutes Misconduct) at 16:29
2nd period
5. Orlando Solar Bears , Jordan Martinook 38 (Philip Tomasino 17) at 1:12 (SH)
6. Sarnia Sailors , Dominic Toninato 34 (Vasily Podkolzin 58) at 1:42 (PP)
7. Sarnia Sailors , Dominic Toninato 35 (Keegan Kolesar 63, Seth Barton 7) at 12:42
8. Sarnia Sailors , Dylan McLaughlin 19 (Seth Barton 8) at 18:48
Penalties :
Artemi Kniazev (OSB) for Hooking (Minor) at 0:26, Jarred Tinordi (OSB) for Hooking (Minor) at 4:09, Adam Erne (SAR) for Roughing (Minor) at 9:27
3rd period
9. Sarnia Sailors , Michael Dal Colle 13 (Dylan McLaughlin 31, Aleksi Heponiemi 21) at 2:51
10. Orlando Solar Bears , Isaak Phillips 2 (Jordan Martinook 45, Jason Dickinson 52) at 5:11 (PP)
11. Sarnia Sailors , Keegan Kolesar 35 (Vasily Podkolzin 59, Jack Rathbone 13) at 6:41 (PP)
Penalties :
Max Gildon (OSB) for Fighting (Major) at 4:01, Josh Dickinson (SAR) for Fighting (Major) at 4:01, Josh Dickinson (SAR) for instigated a fight (Minor) at 4:01, Josh Dickinson (SAR) for instigated a fight (10 Minutes Misconduct) at 4:01, Linus Weissbach (OSB) for Roughing (Minor) at 6:13, Martin Pospisil (OSB) for Fighting (Major) at 7:33, Dominic Turgeon (SAR) for Fighting (Major) at 7:33, Jordan Martinook (OSB) for Fighting (Major) at 8:04, Keegan Kolesar (SAR) for Fighting (Major) at 8:04
Goalie Stats
Matt Tomkins (SAR), 37 saves from 40 shots - (0.925), W, 10-9-3, 60:00 minutes
Felix Sandstrom (OSB), 10 saves from 14 shots - (0.714), 24:59 minutes
Filip Gustavsson (OSB), 11 saves from 15 shots - (0.733), L, 18-12-2, 35:01 minutes
Players Stats for Sarnia Sailors
Player Name G A P +/- PIM S H SB GA TA FO MP PP MP PK MP
------------------------------------------------------------------------------------
Adam Erne 0 0 0 2 2 0 1 1 0 0 0/1 17:09 1:07 0:00
Aleksi Heponiemi 0 1 1 -1 2 2 3 0 0 0 0/1 13:10 1:05 0:48
Andrew MacWilliam 0 0 0 0 0 0 0 0 0 0 0/0 8:36 0:00 0:00
Chris Wideman 0 0 0 -1 0 1 1 0 2 0 0/0 10:23 1:12 0:00
Connor Carrick 0 0 0 0 0 1 4 2 0 1 0/2 16:01 0:00 3:09
David Warsofsky 0 0 0 1 0 1 0 0 0 0 0/0 11:38 0:00 0:00
Dominic Toninato 2 2 4 0 0 8 1 1 1 0 22/39 23:11 3:23 2:39
Dominic Turgeon 0 0 0 0 5 1 1 0 0 0 6/9 11:18 0:00 0:53
Dylan McLaughlin 2 1 3 2 0 3 2 2 1 0 5/10 16:34 1:07 0:53
Jack Rathbone 0 1 1 1 0 0 1 1 0 1 0/0 25:00 3:18 2:15
Josh Dickinson 0 0 0 0 17 2 0 2 1 1 1/2 12:27 2:18 1:42
Keegan Kolesar 2 1 3 1 22 5 1 0 1 1 0/1 15:03 1:07 1:47
Michael Dal Colle 1 0 1 2 0 2 3 2 0 0 0/0 17:03 0:00 2:06
Mitchell Vande Sompel 0 0 0 1 0 0 0 1 0 0 0/0 12:40 0:00 0:00
Rob Hamilton 0 0 0 1 5 1 1 1 0 1 0/0 16:31 0:00 1:32
Seth Barton 0 2 2 0 0 0 0 1 0 0 0/0 18:06 1:12 0:51
Vasily Podkolzin 1 4 5 0 0 2 0 2 2 0 1/1 20:56 3:23 0:00
Yannick Weber 0 0 0 1 0 0 1 6 0 0 0/0 28:51 3:18 3:09
Players Stats for Orlando Solar Bears
Player Name G A P +/- PIM S H SB GA TA FO MP PP MP PK MP
------------------------------------------------------------------------------------
Adam Beckman 0 0 0 -1 0 4 2 0 0 0 1/1 15:06 1:53 0:00
Alex Turcotte 0 0 0 -2 0 0 3 0 0 0 1/6 10:52 0:00 0:00
Artemi Kniazev 0 0 0 -2 2 1 3 1 0 1 0/0 18:58 2:33 0:33
Donovan Sebrango 0 0 0 -1 0 2 1 0 0 0 0/0 17:43 0:00 1:40
Emilio Pettersen 0 0 0 -2 2 0 1 0 0 2 0/0 9:29 0:00 0:00
Isaak Phillips 1 0 1 -2 5 4 2 1 1 1 0/0 19:13 2:31 0:47
Jamieson Rees 0 0 0 -2 0 0 1 1 0 0 0/0 13:10 0:03 0:00
Jarred Tinordi 0 0 0 1 2 1 4 1 0 0 0/0 24:32 2:53 2:31
Jason Dickinson 1 1 2 0 0 3 2 0 1 1 17/37 22:12 3:28 3:28
John Leonard 0 1 1 0 0 3 1 0 1 0 0/0 18:55 3:28 0:00
Jordan Martinook 1 2 3 1 7 2 3 0 2 0 1/2 17:57 3:28 1:02
Linus Weissbach 0 0 0 0 19 0 0 0 0 0 0/0 9:43 0:01 0:00
Martin Pospisil 0 0 0 0 5 3 3 0 0 0 0/0 11:10 0:03 0:00
Max Gildon 0 0 0 -1 5 1 2 0 0 1 0/0 16:31 0:00 0:00
Morgan Frost 0 0 0 -1 0 7 1 0 0 1 7/12 18:00 1:53 3:28
Philip Tomasino 0 1 1 1 0 5 0 1 0 1 4/8 13:27 0:00 1:02
Valtteri Puustinen 0 0 0 -1 0 3 1 0 0 0 0/0 15:00 1:53 0:00
Victor Soderstrom 0 0 0 1 0 1 0 0 0 0 0/0 23:36 2:53 3:43
3 Stars
1 - Dylan McLaughlin (SAR)
2 - Dominic Toninato (SAR)
3 - Vasily Podkolzin (SAR)
Power Play
Sarnia Sailors - 5 on 6 Attempt(s) - 83.33%
Orlando Solar Bears - 2 on 4 Attempt(s) - 50.00%
Penalty Kill
Sarnia Sailors - 2 on 4 Attempt(s) - 50.00%
- Score 0 goal in Penalty Kill
Orlando Solar Bears - 1 on 6 Attempt(s) - 16.67%
- Score 1 goal in Penalty Kill
Team Stat
Sarnia Sailors - Hits : 20 - Faceoff Wins : 35 - Blocked Shots : 22 - Penalty Minutes : 53
Orlando Solar Bears - Hits : 30 - Faceoff Wins : 31 - Blocked Shots : 5 - Penalty Minutes : 47
Official
Referees : Dan O'Rourke and Eric Furlatt
Linesman : Ryan Galloway and Ryan Gibbons
Game Notes
Rob Hamilton beats up Linus Weissbach at 9:12 of 1st period
Keegan Kolesar beats up Isaak Phillips at 16:29 of 1st period
Felix Sandstrom enters game at 1:42 of 2nd period
Max Gildon beats up Josh Dickinson at 4:01 of 3rd period
Filip Gustavsson enters game at 6:41 of 3rd period
Martin Pospisil and Dominic Turgeon fight to a draw at 7:33 of 3rd period
Keegan Kolesar beats up Jordan Martinook at 8:04 of 3rd period
Sarnia Sailors
5 vs 5 Forward
Center Left Wing Right Wing Time % Phy DF OF
1 Dominic Toninato Keegan Kolesar Vasily Podkolzin 40 1 2 2
2 Dylan McLaughlin Adam Erne Michael Dal Colle 30 1 2 2
3 Dominic Turgeon Aleksi Heponiemi Connor Carrick 20 1 2 2
4 Josh Dickinson Chris Wideman Andrew MacWilliam 10 1 2 2
5 vs 5 Defense
Defense Defense Time % Phy DF OF
1 Yannick Weber Jack Rathbone 40 1 2 2
2 Rob Hamilton Seth Barton 30 1 2 2
3 Mitchell Vande Sompel David Warsofsky 20 1 2 2
4 Connor Carrick Yannick Weber 10 1 2 2
PowerPlay Forward
Center Left Wing Right Wing Time % Phy DF OF
1 Dominic Toninato Keegan Kolesar Vasily Podkolzin 60 1 2 2
2 Dylan McLaughlin Adam Erne Josh Dickinson 40 1 2 2
PowerPlay Defense
Defense Defense Time % Phy DF OF
1 Jack Rathbone Yannick Weber 60 1 2 2
2 Seth Barton Chris Wideman 40 1 2 2
Penalty Kill 4 Players Forward
Center Wing Time % Phy DF OF
1 Dominic Toninato Keegan Kolesar 60 1 2 2
2 Dylan McLaughlin Michael Dal Colle 40 1 2 2
Penalty Kill 4 Players Defense
Defense Defense Time % Phy DF OF
1 Yannick Weber Connor Carrick 60 1 2 2
2 Jack Rathbone Rob Hamilton 40 1 2 2
Penalty Kill - 3 Players Forward
Forward Time % Phy DF OF
1 Dominic Toninato 60 1 2 2
2 Dylan McLaughlin 40 1 2 2
Penalty Kill - 3 Players Defense
Defense Defense Time % Phy DF OF
1 Yannick Weber Connor Carrick 60 1 2 2
2 Jack Rathbone Rob Hamilton 40 1 2 2
4 vs 4 Forward
Center Wing Time % Phy DF OF
1 Keegan Kolesar Vasily Podkolzin 60 1 2 2
2 Dominic Turgeon Michael Dal Colle 40 1 2 2
4 vs 4 Defense
Defense Defense Time % Phy DF OF
1 Seth Barton Jack Rathbone 60 1 2 2
2 Connor Carrick Yannick Weber 40 1 2 2
Last Minutes Offensive
Center Left Wing Right Wing Defense Defense
Dominic Toninato Keegan Kolesar Vasily Podkolzin Yannick Weber Jack Rathbone
Last Minutes Defensive
Center Left Wing Right Wing Defense Defense
Dylan McLaughlin Keegan Kolesar Dominic Toninato Yannick Weber Connor Carrick
Goaltenders
Starting : Matt Tomkins
Backup : Laurent Brossoit
Extra Forwards
Normal : Josh Dickinson, Adam Erne, Aleksi Heponiemi - PP : Josh Dickinson, Aleksi Heponiemi - PK : Josh Dickinson
Extra Defensemen
Normal : Rob Hamilton, Seth Barton, Jack Rathbone - PP : David Warsofsky - PK : Rob Hamilton, Seth Barton
Penalty Shots
Keegan Kolesar, Vasily Podkolzin, Dominic Toninato, Aleksi Heponiemi, Michael Dal Colle
Orlando Solar Bears
5 vs 5 Forward
Center Left Wing Right Wing Time % Phy DF OF
1 Jason Dickinson Jordan Martinook John Leonard 32 1 2 2
2 Morgan Frost Adam Beckman Valtteri Puustinen 27 1 2 2
3 Philip Tomasino Linus Weissbach Martin Pospisil 23 1 2 2
4 Alex Turcotte Emilio Pettersen Jamieson Rees 18 1 2 2
5 vs 5 Defense
Defense Defense Time % Phy DF OF
1 Victor Soderstrom Jarred Tinordi 35 1 2 2
2 Isaak Phillips Artemi Kniazev 33 1 2 2
3 Max Gildon Donovan Sebrango 32 1 2 2
4 Victor Soderstrom Jarred Tinordi 0 1 2 2
PowerPlay Forward
Center Left Wing Right Wing Time % Phy DF OF
1 Jason Dickinson Jordan Martinook John Leonard 60 1 2 2
2 Morgan Frost Adam Beckman Valtteri Puustinen 40 1 2 2
PowerPlay Defense
Defense Defense Time % Phy DF OF
1 Victor Soderstrom Jarred Tinordi 60 1 2 2
2 Isaak Phillips Artemi Kniazev 40 1 2 2
Penalty Kill 4 Players Forward
Center Wing Time % Phy DF OF
1 Jason Dickinson Morgan Frost 60 1 2 2
2 Philip Tomasino Jordan Martinook 40 1 2 2
Penalty Kill 4 Players Defense
Defense Defense Time % Phy DF OF
1 Victor Soderstrom Jarred Tinordi 60 1 2 2
2 Isaak Phillips Artemi Kniazev 40 1 2 2
Penalty Kill - 3 Players Forward
Forward Time % Phy DF OF
1 Jason Dickinson 60 1 2 2
2 Morgan Frost 40 1 2 2
Penalty Kill - 3 Players Defense
Defense Defense Time % Phy DF OF
1 Victor Soderstrom Jarred Tinordi 60 1 2 2
2 Isaak Phillips Artemi Kniazev 40 1 2 2
4 vs 4 Forward
Center Wing Time % Phy DF OF
1 Jason Dickinson Morgan Frost 60 1 2 2
2 Philip Tomasino Jordan Martinook 40 1 2 2
4 vs 4 Defense
Defense Defense Time % Phy DF OF
1 Victor Soderstrom Jarred Tinordi 60 1 2 2
2 Isaak Phillips Artemi Kniazev 40 1 2 2
Last Minutes Offensive
Center Left Wing Right Wing Defense Defense
Jason Dickinson Jordan Martinook John Leonard Victor Soderstrom Jarred Tinordi
Last Minutes Defensive
Center Left Wing Right Wing Defense Defense
Jason Dickinson Jordan Martinook John Leonard Victor Soderstrom Jarred Tinordi
Goaltenders
Starting : Filip Gustavsson
Backup : Felix Sandstrom
Extra Forwards
Normal : Jamieson Rees, Linus Weissbach, Alex Turcotte - PP : Jamieson Rees, Linus Weissbach - PK : Alex Turcotte
Extra Defensemen
Normal : Max Gildon, Donovan Sebrango, Isaak Phillips - PP : Max Gildon - PK : Donovan Sebrango, Isaak Phillips
Penalty Shots
Jason Dickinson, Morgan Frost, Philip Tomasino, Jordan Martinook, John Leonard
% Time on Ice - Sarnia Sailors
Lines # - Real PCT - Wanted PCT - Time Play
Normal Forward
1 - 34% - 40% - 17:13
2 - 26% - 30% - 12:58
3 - 20% - 20% - 9:54
4 - 20% - 10% - 10:01
Normal Defense
1 - 38% - 40% - 19:06
2 - 32% - 30% - 16:04
3 - 23% - 20% - 11:38
4 - 7% - 10% - 3:18
PP Forward
1 - 75% - 60% - 3:23
2 - 25% - 40% - 1:07
PP Defense
1 - 73% - 60% - 3:18
2 - 27% - 40% - 1:12
PK Forward
1 - 84% - 60% - 4:31
2 - 16% - 40% - 0:53
PK Defense
1 - 58% - 60% - 3:09
2 - 42% - 40% - 2:15
PK3 Forward
1 - 0% - 60%
2 - 0% - 40%
PK3 Defense
1 - 0% - 60%
2 - 0% - 40%
44 Forward
1 - 0% - 60%
2 - 0% - 40%
44 Defense
1 - 0% - 60%
2 - 0% - 40%
Last Minute Offensive - 0:00
Last Minute Defensive - 0:00
Total
Forward - 60:00
Defense - 60:00
|
% Time on Ice - Orlando Solar Bears
Lines # - Real PCT - Wanted PCT - Time Play
Normal Forward
1 - 31% - 32% - 15:37
2 - 25% - 27% - 12:41
3 - 25% - 23% - 12:18
4 - 19% - 18% - 9:30
Normal Defense
1 - 35% - 35% - 17:42
2 - 31% - 33% - 15:39
3 - 32% - 32% - 15:56
4 - 2% - 0% - 0:49
PP Forward
1 - 65% - 60% - 3:30
2 - 35% - 40% - 1:54
PP Defense
1 - 53% - 60% - 2:53
2 - 47% - 40% - 2:31
PK Forward
1 - 77% - 60% - 3:28
2 - 23% - 40% - 1:02
PK Defense
1 - 83% - 60% - 3:43
2 - 17% - 40% - 0:47
PK3 Forward
1 - 0% - 60%
2 - 0% - 40%
PK3 Defense
1 - 0% - 60%
2 - 0% - 40%
44 Forward
1 - 0% - 60%
2 - 0% - 40%
44 Defense
1 - 0% - 60%
2 - 0% - 40%
Last Minute Offensive - 0:00
Last Minute Defensive - 0:00
Total
Forward - 60:00
Defense - 60:00
|
Play-by-Play
1st period
0:01 of 1st period - Vasily Podkolzin wins face-off versus Jason Dickinson in neutral zone.
1:36 of 1st period - Wrist shot by Morgan Frost.
1:36 of 1st period - Stopped by Matt Tomkins with a rebound.
1:38 of 1st period - Snap shot by Morgan Frost.
1:38 of 1st period - Shot Misses the Net.
1:40 of 1st period - Slapshot by Max Gildon.
1:40 of 1st period - Shot Blocked by Yannick Weber.
1:56 of 1st period - Jack Rathbone is hit by Donovan Sebrango and loses puck.
2:05 of 1st period - Wrist shot by Jason Dickinson.
2:05 of 1st period - Shot Misses the Net.
3:26 of 1st period - Snap shot by Vasily Podkolzin.
3:26 of 1st period - Shot Blocked by Isaak Phillips.
4:07 of 1st period - Wrist shot by John Leonard.
4:07 of 1st period - Stopped by Matt Tomkins without a rebound.
4:08 of 1st period - Dominic Turgeon wins face-off versus Jason Dickinson in Sarnia Sailors zone.
4:13 of 1st period - Max Gildon is hit by Dominic Turgeon and loses puck.
4:20 of 1st period - Seth Barton is hit by Jordan Martinook and loses puck.
4:33 of 1st period - Wrist shot by Jordan Martinook.
4:33 of 1st period - Shot Blocked by Rob Hamilton.
4:35 of 1st period - Backhand shot by Jarred Tinordi.
4:35 of 1st period - Shot Misses the Net.
4:37 of 1st period - Slapshot by Victor Soderstrom.
4:37 of 1st period - Deflect By John Leonard.
4:37 of 1st period - Stopped by Matt Tomkins with a rebound.
4:39 of 1st period - Snap shot by Jason Dickinson.
4:39 of 1st period - Stopped by Matt Tomkins without a rebound.
4:40 of 1st period - Dominic Toninato wins face-off versus Alex Turcotte in Sarnia Sailors zone.
4:52 of 1st period - Slapshot by Keegan Kolesar.
4:52 of 1st period - Stopped by Filip Gustavsson with a rebound.
4:54 of 1st period - Slapshot by David Warsofsky.
4:54 of 1st period - Stopped by Filip Gustavsson with a rebound.
4:56 of 1st period - Wrist shot by Dominic Toninato.
4:56 of 1st period - Stopped by Filip Gustavsson without a rebound.
4:57 of 1st period - Morgan Frost wins face-off versus Dylan McLaughlin in Orlando Solar Bears zone.
4:57 of 1st period - Morgan Frost is hit by Adam Erne.
5:11 of 1st period - Snap shot by Valtteri Puustinen.
5:11 of 1st period - Shot Misses the Net.
5:13 of 1st period - Slapshot by Victor Soderstrom.
5:13 of 1st period - Stopped by Matt Tomkins with a rebound.
5:23 of 1st period - Martin Pospisil is hit by Dominic Toninato.
5:50 of 1st period - Snap shot by John Leonard.
5:50 of 1st period - Stopped by Matt Tomkins without a rebound.
5:51 of 1st period - Dylan McLaughlin wins face-off versus Jason Dickinson in Sarnia Sailors zone.
6:58 of 1st period - Icing by Seth Barton.
6:59 of 1st period - Philip Tomasino wins face-off versus Dylan McLaughlin in Sarnia Sailors zone.
7:08 of 1st period - Wrist shot by Linus Weissbach.
7:08 of 1st period - Shot Blocked by Dylan McLaughlin.
7:30 of 1st period - Snap shot by Valtteri Puustinen.
7:30 of 1st period - Stopped by Matt Tomkins with a rebound.
7:32 of 1st period - Slapshot by Jarred Tinordi.
7:32 of 1st period - Shot Blocked by Dylan McLaughlin.
7:36 of 1st period - Snap shot by Morgan Frost.
7:36 of 1st period - Shot Misses the Net.
7:48 of 1st period - Snap shot by Jordan Martinook.
7:48 of 1st period - Shot Misses the Net.
7:55 of 1st period - Minor Penalty to Jordan Martinook for Holding.
7:56 of 1st period - Jason Dickinson wins face-off versus Dominic Toninato in Orlando Solar Bears zone.
8:04 of 1st period - Snap shot by Vasily Podkolzin.
8:04 of 1st period - Goal by Vasily Podkolzin - Sarnia Sailors : 1 - Orlando Solar Bears : 0.
8:05 of 1st period - Dominic Toninato wins face-off versus Alex Turcotte in neutral zone.
8:30 of 1st period - Yannick Weber is hit by Jason Dickinson and loses puck.
8:59 of 1st period - Wrist shot by Chris Wideman.
8:59 of 1st period - Stopped by Filip Gustavsson without a rebound.
9:00 of 1st period - Dominic Toninato wins face-off versus Philip Tomasino in Orlando Solar Bears zone.
9:12 of 1st period - Rob Hamilton beats up Linus Weissbach.
9:12 of 1st period - Penalty to Linus Weissbach for Fighting.
9:12 of 1st period - Penalty to Rob Hamilton for Fighting.
9:12 of 1st period - Penalty to Linus Weissbach for instigated a fight.
9:12 of 1st period - Penalty to Linus Weissbach for instigated a fight.
9:13 of 1st period - Dominic Toninato wins face-off versus Jason Dickinson in Sarnia Sailors zone.
9:46 of 1st period - Wrist shot by Dylan McLaughlin.
9:46 of 1st period - Goal by Dylan McLaughlin - Sarnia Sailors : 2 - Orlando Solar Bears : 0.
9:47 of 1st period - Morgan Frost wins face-off versus Dominic Toninato in neutral zone.
10:25 of 1st period - Snap shot by Keegan Kolesar.
10:25 of 1st period - Stopped by Filip Gustavsson with a rebound.
10:39 of 1st period - Donovan Sebrango is hit by Michael Dal Colle and loses puck.
11:08 of 1st period - Snap shot by Adam Beckman.
11:08 of 1st period - Shot Blocked by Michael Dal Colle.
11:16 of 1st period - Adam Beckman is hit by Dylan McLaughlin and loses puck.
11:25 of 1st period - Snap shot by Dylan McLaughlin.
11:25 of 1st period - Shot Misses the Net.
11:27 of 1st period - Snap shot by Michael Dal Colle.
11:27 of 1st period - Stopped by Filip Gustavsson without a rebound.
11:28 of 1st period - Alex Turcotte wins face-off versus Connor Carrick in Orlando Solar Bears zone.
12:13 of 1st period - Minor Penalty to Emilio Pettersen for Hooking.
12:14 of 1st period - Dominic Toninato wins face-off versus Jason Dickinson in Orlando Solar Bears zone.
12:17 of 1st period - Snap shot by Keegan Kolesar.
12:17 of 1st period - Goal by Keegan Kolesar - Sarnia Sailors : 3 - Orlando Solar Bears : 0.
12:18 of 1st period - Jason Dickinson wins face-off versus Dominic Toninato in neutral zone.
12:49 of 1st period - Off-side.
12:50 of 1st period - Dylan McLaughlin wins face-off versus Morgan Frost in neutral zone.
13:04 of 1st period - Victor Soderstrom is hit by Michael Dal Colle and loses puck.
13:21 of 1st period - Wrist shot by Martin Pospisil.
13:21 of 1st period - Shot Blocked by Mitchell Vande Sompel.
13:26 of 1st period - Off-side.
13:27 of 1st period - Jason Dickinson wins face-off versus Dominic Turgeon in neutral zone.
13:33 of 1st period - Minor Penalty to Aleksi Heponiemi for Hooking.
13:34 of 1st period - Jason Dickinson wins face-off versus Dominic Toninato in Sarnia Sailors zone.
14:12 of 1st period - Penalty to Rob Hamilton is over, Rob Hamilton is back on ice.
15:33 of 1st period - Penalty to Aleksi Heponiemi is over, Aleksi Heponiemi is back on ice.
16:12 of 1st period - Snap shot by Adam Erne.
16:12 of 1st period - Deflect By Dylan McLaughlin.
16:12 of 1st period - Shot Misses the Net.
16:12 of 1st period - Puck is out of play.
16:13 of 1st period - Dylan McLaughlin wins face-off versus Philip Tomasino in Orlando Solar Bears zone.
16:20 of 1st period - Wrist shot by Dylan McLaughlin.
16:20 of 1st period - Stopped by Filip Gustavsson with a rebound.
16:22 of 1st period - Backhand shot by Adam Erne.
16:22 of 1st period - Deflect By Philip Tomasino.
16:22 of 1st period - Shot Blocked by Philip Tomasino.
16:22 of 1st period - Puck is out of play.
16:23 of 1st period - Dominic Toninato wins face-off versus Jason Dickinson in Orlando Solar Bears zone.
16:29 of 1st period - Keegan Kolesar beats up Isaak Phillips.
16:29 of 1st period - Penalty to Isaak Phillips for Fighting.
16:29 of 1st period - Penalty to Keegan Kolesar for Fighting.
16:29 of 1st period - Penalty to Keegan Kolesar for instigated a fight.
16:29 of 1st period - Penalty to Keegan Kolesar for instigated a fight.
16:30 of 1st period - Dominic Toninato wins face-off versus Jason Dickinson in Orlando Solar Bears zone.
16:43 of 1st period - Snap shot by Jordan Martinook.
16:43 of 1st period - Shot Misses the Net.
16:45 of 1st period - Slapshot by Jason Dickinson.
16:45 of 1st period - Goal by Jason Dickinson - Sarnia Sailors : 3 - Orlando Solar Bears : 1.
16:46 of 1st period - Jordan Martinook wins face-off versus Dominic Toninato in neutral zone.
17:00 of 1st period - Snap shot by Dominic Toninato.
17:00 of 1st period - Stopped by Filip Gustavsson with a rebound.
17:02 of 1st period - Snap shot by Josh Dickinson.
17:02 of 1st period - Shot Blocked by Jarred Tinordi.
17:35 of 1st period - Icing by Dominic Turgeon.
17:36 of 1st period - Dominic Turgeon wins face-off versus Alex Turcotte in Sarnia Sailors zone.
17:36 of 1st period - Dominic Turgeon is hit by Emilio Pettersen.
17:43 of 1st period - Slapshot by Yannick Weber.
17:43 of 1st period - Shot Misses the Net.
18:05 of 1st period - Snap shot by Jason Dickinson.
18:05 of 1st period - Stopped by Matt Tomkins with a rebound.
18:07 of 1st period - Snap shot by Jason Dickinson.
18:07 of 1st period - Shot Misses the Net.
18:12 of 1st period - Icing by Rob Hamilton.
18:13 of 1st period - Adam Beckman wins face-off versus Dominic Toninato in Sarnia Sailors zone.
18:18 of 1st period - Snap shot by Morgan Frost.
18:18 of 1st period - Shot Misses the Net.
18:20 of 1st period - Wrist shot by Morgan Frost.
18:20 of 1st period - Stopped by Matt Tomkins with a rebound.
18:22 of 1st period - Wrist shot by Morgan Frost.
18:22 of 1st period - Stopped by Matt Tomkins with a rebound.
18:24 of 1st period - Wrist shot by Valtteri Puustinen.
18:24 of 1st period - Deflect By Vasily Podkolzin.
18:24 of 1st period - Shot Misses the Net.
18:24 of 1st period - Puck is out of play.
18:25 of 1st period - Philip Tomasino wins face-off versus Adam Erne in Sarnia Sailors zone.
18:32 of 1st period - Snap shot by Martin Pospisil.
18:32 of 1st period - Stopped by Matt Tomkins with a rebound.
18:34 of 1st period - Slapshot by Max Gildon.
18:34 of 1st period - Shot Blocked by Adam Erne.
18:36 of 1st period - Snap shot by Philip Tomasino.
18:36 of 1st period - Stopped by Matt Tomkins with a rebound.
18:38 of 1st period - Snap shot by Martin Pospisil.
18:38 of 1st period - Shot Misses the Net.
19:03 of 1st period - Rob Hamilton is hit by Max Gildon and loses puck.
19:26 of 1st period - Wrist shot by Philip Tomasino.
19:26 of 1st period - Stopped by Matt Tomkins with a rebound.
19:28 of 1st period - Slapshot by Donovan Sebrango.
19:28 of 1st period - Stopped by Matt Tomkins with a rebound.
19:30 of 1st period - Snap shot by Jamieson Rees.
19:30 of 1st period - Shot Blocked by Seth Barton.
19:32 of 1st period - Slapshot by Donovan Sebrango.
19:32 of 1st period - Deflect By Martin Pospisil.
19:32 of 1st period - Shot Blocked by Michael Dal Colle.
19:32 of 1st period - Puck is out of play.
19:33 of 1st period - Dominic Toninato wins face-off versus Jason Dickinson in Sarnia Sailors zone.
19:40 of 1st period - Snap shot by John Leonard.
19:40 of 1st period - Shot Misses the Net.
19:42 of 1st period - Snap shot by Jason Dickinson.
19:42 of 1st period - Shot Blocked by Yannick Weber.
19:44 of 1st period - Snap shot by Jason Dickinson.
19:44 of 1st period - Shot Blocked by Vasily Podkolzin.
19:46 of 1st period - Wrist shot by John Leonard.
19:46 of 1st period - Deflect By Jordan Martinook.
19:46 of 1st period - Shot Blocked by Josh Dickinson.
19:46 of 1st period - Puck is out of play.
19:47 of 1st period - Morgan Frost wins face-off versus Dominic Toninato in Sarnia Sailors zone.
19:48 of 1st period - Slapshot by Valtteri Puustinen.
19:48 of 1st period - Shot Misses the Net.
19:50 of 1st period - Slapshot by Jarred Tinordi.
19:50 of 1st period - Shot Blocked by Josh Dickinson.
19:52 of 1st period - Slapshot by Adam Beckman.
19:52 of 1st period - Stopped by Matt Tomkins with a rebound.
19:54 of 1st period - Snap shot by Valtteri Puustinen.
19:54 of 1st period - Shot Misses the Net.
19:56 of 1st period - Snap shot by Morgan Frost.
19:56 of 1st period - Stopped by Matt Tomkins with a rebound.
Goals for this period are 3 for Sarnia Sailors vs 1 for Orlando Solar Bears.
Shots for this period are 11 for Sarnia Sailors vs 17 for Orlando Solar Bears.
2nd period
0:01 of 2nd period - Dominic Toninato wins face-off versus Jordan Martinook in neutral zone.
0:04 of 2nd period - Snap shot by Dominic Toninato.
0:04 of 2nd period - Stopped by Filip Gustavsson without a rebound.
0:05 of 2nd period - Dominic Toninato wins face-off versus Jason Dickinson in Orlando Solar Bears zone.
0:20 of 2nd period - Snap shot by Dominic Toninato.
0:20 of 2nd period - Shot Misses the Net.
0:26 of 2nd period - Minor Penalty to Artemi Kniazev for Hooking.
0:27 of 2nd period - Dominic Toninato wins face-off versus Jason Dickinson in Orlando Solar Bears zone.
1:12 of 2nd period - Slapshot by Jordan Martinook.
1:12 of 2nd period - Goal by Jordan Martinook - Sarnia Sailors : 3 - Orlando Solar Bears : 2.
1:13 of 2nd period - Jason Dickinson wins face-off versus Dominic Toninato in neutral zone.
1:26 of 2nd period - Wrist shot by Vasily Podkolzin.
1:26 of 2nd period - Stopped by Filip Gustavsson without a rebound.
1:27 of 2nd period - Dominic Toninato wins face-off versus Jason Dickinson in Orlando Solar Bears zone.
1:29 of 2nd period - Penalty to Isaak Phillips is over, Isaak Phillips is back on ice.
1:40 of 2nd period - Slapshot by Dominic Toninato.
1:40 of 2nd period - Shot Misses the Net.
1:42 of 2nd period - Wrist shot by Dominic Toninato.
1:42 of 2nd period - Goal by Dominic Toninato - Sarnia Sailors : 4 - Orlando Solar Bears : 2.
1:42 of 2nd period - Felix Sandstrom enters game.
1:43 of 2nd period - Morgan Frost wins face-off versus Dominic Toninato in neutral zone.
1:46 of 2nd period - Dominic Toninato is hit by Adam Beckman and loses puck.
1:51 of 2nd period - Wrist shot by Morgan Frost.
1:51 of 2nd period - Shot Blocked by Yannick Weber.
1:53 of 2nd period - Wrist shot by Adam Beckman.
1:53 of 2nd period - Stopped by Matt Tomkins with a rebound.
1:55 of 2nd period - Snap shot by Morgan Frost.
1:55 of 2nd period - Stopped by Matt Tomkins with a rebound.
1:57 of 2nd period - Slapshot by Jarred Tinordi.
1:57 of 2nd period - Shot Blocked by Yannick Weber.
1:59 of 2nd period - Slapshot by Adam Beckman.
1:59 of 2nd period - Shot Blocked by Yannick Weber.
2:09 of 2nd period - Jack Rathbone is hit by Jarred Tinordi and loses puck.
3:45 of 2nd period - Icing by Aleksi Heponiemi.
3:46 of 2nd period - Dominic Turgeon wins face-off versus Alex Turcotte in Sarnia Sailors zone.
4:06 of 2nd period - Icing by Dylan McLaughlin.
4:07 of 2nd period - Morgan Frost wins face-off versus Dylan McLaughlin in Sarnia Sailors zone.
4:09 of 2nd period - Minor Penalty to Jarred Tinordi for Hooking.
4:10 of 2nd period - Dominic Toninato wins face-off versus Jason Dickinson in Orlando Solar Bears zone.
4:12 of 2nd period - 10 Minutes Misconduct Penalty to Linus Weissbach is over.
4:12 of 2nd period - Snap shot by Dominic Toninato.
4:12 of 2nd period - Stopped by Felix Sandstrom without a rebound.
4:13 of 2nd period - Dominic Toninato wins face-off versus Morgan Frost in Orlando Solar Bears zone.
4:59 of 2nd period - Off-side.
5:00 of 2nd period - Dominic Toninato wins face-off versus Jason Dickinson in neutral zone.
6:09 of 2nd period - Penalty to Jarred Tinordi is over, Jarred Tinordi is back on ice.
6:21 of 2nd period - Jamieson Rees is hit by Aleksi Heponiemi and loses puck.
6:32 of 2nd period - David Warsofsky is hit by Martin Pospisil and loses puck.
7:00 of 2nd period - Josh Dickinson is hit by Jarred Tinordi and loses puck.
7:19 of 2nd period - Jason Dickinson is hit by Aleksi Heponiemi and loses puck.
8:00 of 2nd period - Slapshot by Jarred Tinordi.
8:00 of 2nd period - Shot Misses the Net.
8:02 of 2nd period - Slapshot by Max Gildon.
8:02 of 2nd period - Deflect By Martin Pospisil.
8:02 of 2nd period - Stopped by Matt Tomkins with a rebound.
8:04 of 2nd period - Slapshot by Jarred Tinordi.
8:04 of 2nd period - Stopped by Matt Tomkins without a rebound.
8:05 of 2nd period - Philip Tomasino wins face-off versus Josh Dickinson in Sarnia Sailors zone.
8:06 of 2nd period - Wrist shot by Martin Pospisil.
8:06 of 2nd period - Stopped by Matt Tomkins with a rebound.
8:14 of 2nd period - Snap shot by Martin Pospisil.
8:14 of 2nd period - Deflect By Philip Tomasino.
8:14 of 2nd period - Stopped by Matt Tomkins with a rebound.
8:31 of 2nd period - Icing by John Leonard.
8:32 of 2nd period - Jason Dickinson wins face-off versus Dominic Turgeon in Orlando Solar Bears zone.
8:57 of 2nd period - Snap shot by Jordan Martinook.
8:57 of 2nd period - Shot Misses the Net.
8:59 of 2nd period - Snap shot by Jordan Martinook.
8:59 of 2nd period - Shot Hit the Post.
9:01 of 2nd period - Slapshot by Isaak Phillips.
9:01 of 2nd period - Stopped by Matt Tomkins with a rebound.
9:03 of 2nd period - Backhand shot by Artemi Kniazev.
9:03 of 2nd period - Shot Blocked by Dominic Toninato.
9:05 of 2nd period - Slapshot by Isaak Phillips.
9:05 of 2nd period - Stopped by Matt Tomkins without a rebound.
9:06 of 2nd period - Dylan McLaughlin wins face-off versus Philip Tomasino in Sarnia Sailors zone.
9:13 of 2nd period - Wrist shot by Philip Tomasino.
9:13 of 2nd period - Stopped by Matt Tomkins with a rebound.
9:21 of 2nd period - Snap shot by Philip Tomasino.
9:21 of 2nd period - Shot Misses the Net.
9:27 of 2nd period - Minor Penalty to Adam Erne for Roughing.
9:28 of 2nd period - Dominic Toninato wins face-off versus Jason Dickinson in Sarnia Sailors zone.
9:43 of 2nd period - Dominic Toninato is hit by Jordan Martinook and loses puck.
10:02 of 2nd period - Slapshot by Morgan Frost.
10:02 of 2nd period - Deflect By Adam Beckman.
10:02 of 2nd period - Stopped by Matt Tomkins with a rebound.
11:09 of 2nd period - Josh Dickinson is hit by Jordan Martinook and loses puck.
11:27 of 2nd period - Penalty to Adam Erne is over, Adam Erne is back on ice.
11:29 of 2nd period - 10 Minutes Misconduct Penalty to Keegan Kolesar is over.
11:56 of 2nd period - Snap shot by Josh Dickinson.
11:56 of 2nd period - Stopped by Felix Sandstrom without a rebound.
11:57 of 2nd period - Dominic Toninato wins face-off versus Philip Tomasino in Orlando Solar Bears zone.
11:58 of 2nd period - Snap shot by Vasily Podkolzin.
11:58 of 2nd period - Shot Misses the Net.
12:04 of 2nd period - Slapshot by Philip Tomasino.
12:04 of 2nd period - Stopped by Matt Tomkins with a rebound.
12:06 of 2nd period - Slapshot by Max Gildon.
12:06 of 2nd period - Stopped by Matt Tomkins with a rebound.
12:08 of 2nd period - Snap shot by Linus Weissbach.
12:08 of 2nd period - Shot Blocked by Vasily Podkolzin.
12:10 of 2nd period - Slapshot by Donovan Sebrango.
12:10 of 2nd period - Shot Misses the Net.
12:12 of 2nd period - Snap shot by Donovan Sebrango.
12:12 of 2nd period - Shot Misses the Net.
12:29 of 2nd period - Vasily Podkolzin is hit by Max Gildon and loses puck.
12:40 of 2nd period - Wrist shot by Dominic Toninato.
12:40 of 2nd period - Deflect By Keegan Kolesar.
12:40 of 2nd period - Stopped by Felix Sandstrom with a rebound.
12:42 of 2nd period - Snap shot by Dominic Toninato.
12:42 of 2nd period - Goal by Dominic Toninato - Sarnia Sailors : 5 - Orlando Solar Bears : 2.
12:43 of 2nd period - Jason Dickinson wins face-off versus Dominic Turgeon in neutral zone.
12:45 of 2nd period - Off-side.
12:46 of 2nd period - Dominic Turgeon wins face-off versus Jason Dickinson in neutral zone.
13:51 of 2nd period - Chris Wideman is hit by Alex Turcotte and loses puck.
14:34 of 2nd period - Mitchell Vande Sompel is hit by Morgan Frost and loses puck.
14:55 of 2nd period - Slapshot by Adam Erne.
14:55 of 2nd period - Shot Misses the Net.
14:57 of 2nd period - Backhand shot by Adam Erne.
14:57 of 2nd period - Deflect By Philip Tomasino.
14:57 of 2nd period - Shot Misses the Net.
14:57 of 2nd period - Puck is out of play.
14:58 of 2nd period - Jason Dickinson wins face-off versus Dylan McLaughlin in Orlando Solar Bears zone.
14:58 of 2nd period - Jason Dickinson is hit by Yannick Weber.
15:24 of 2nd period - Adam Beckman is hit by Jack Rathbone and loses puck.
15:33 of 2nd period - Vasily Podkolzin is hit by Valtteri Puustinen and loses puck.
15:54 of 2nd period - Wrist shot by Aleksi Heponiemi.
15:54 of 2nd period - Stopped by Felix Sandstrom with a rebound.
16:06 of 2nd period - Snap shot by Josh Dickinson.
16:06 of 2nd period - Stopped by Felix Sandstrom without a rebound.
16:07 of 2nd period - Josh Dickinson wins face-off versus Alex Turcotte in Orlando Solar Bears zone.
16:58 of 2nd period - Slapshot by Victor Soderstrom.
16:58 of 2nd period - Shot Misses the Net.
17:00 of 2nd period - Snap shot by Valtteri Puustinen.
17:00 of 2nd period - Deflect By Morgan Frost.
17:00 of 2nd period - Shot Misses the Net.
17:00 of 2nd period - Puck is out of play.
17:01 of 2nd period - Morgan Frost wins face-off versus Dominic Toninato in Sarnia Sailors zone.
17:02 of 2nd period - Snap shot by Valtteri Puustinen.
17:02 of 2nd period - Stopped by Matt Tomkins with a rebound.
17:31 of 2nd period - Wrist shot by Aleksi Heponiemi.
17:31 of 2nd period - Stopped by Felix Sandstrom without a rebound.
17:32 of 2nd period - Dominic Turgeon wins face-off versus Jason Dickinson in Orlando Solar Bears zone.
17:43 of 2nd period - Snap shot by Jordan Martinook.
17:43 of 2nd period - Stopped by Matt Tomkins with a rebound.
17:45 of 2nd period - Slapshot by Isaak Phillips.
17:45 of 2nd period - Deflect By Jordan Martinook.
17:45 of 2nd period - Shot Blocked by Connor Carrick.
17:45 of 2nd period - Puck is out of play.
17:46 of 2nd period - Dominic Toninato wins face-off versus Morgan Frost in Sarnia Sailors zone.
17:46 of 2nd period - Dominic Toninato is hit by Adam Beckman.
17:52 of 2nd period - Slapshot by Yannick Weber.
17:52 of 2nd period - Shot Misses the Net.
17:54 of 2nd period - Wrist shot by Keegan Kolesar.
17:54 of 2nd period - Shot Misses the Net.
18:46 of 2nd period - Snap shot by Dylan McLaughlin.
18:46 of 2nd period - Shot Blocked by Artemi Kniazev.
18:48 of 2nd period - Slapshot by Dylan McLaughlin.
18:48 of 2nd period - Goal by Dylan McLaughlin - Sarnia Sailors : 6 - Orlando Solar Bears : 2.
18:49 of 2nd period - Dominic Toninato wins face-off versus Jason Dickinson in neutral zone.
19:08 of 2nd period - John Leonard is hit by Keegan Kolesar.
19:38 of 2nd period - Snap shot by Dylan McLaughlin.
19:38 of 2nd period - Shot Misses the Net.
19:40 of 2nd period - Snap shot by Dominic Turgeon.
19:40 of 2nd period - Stopped by Felix Sandstrom with a rebound.
19:50 of 2nd period - Snap shot by Aleksi Heponiemi.
19:50 of 2nd period - Shot Misses the Net.
Goals for this period are 3 for Sarnia Sailors vs 1 for Orlando Solar Bears.
Shots for this period are 12 for Sarnia Sailors vs 15 for Orlando Solar Bears.
3rd period
0:01 of 3rd period - Dominic Toninato wins face-off versus Jason Dickinson in neutral zone.
0:26 of 3rd period - Morgan Frost is hit by Connor Carrick and loses puck.
1:18 of 3rd period - Slapshot by Rob Hamilton.
1:18 of 3rd period - Stopped by Felix Sandstrom without a rebound.
1:19 of 3rd period - Jason Dickinson wins face-off versus Dominic Toninato in Orlando Solar Bears zone.
1:19 of 3rd period - Jason Dickinson is hit by Rob Hamilton.
1:24 of 3rd period - Off-side.
1:25 of 3rd period - Jason Dickinson wins face-off versus Dominic Toninato in neutral zone.
1:39 of 3rd period - Off-side.
1:40 of 3rd period - Morgan Frost wins face-off versus Dylan McLaughlin in neutral zone.
1:43 of 3rd period - Snap shot by Valtteri Puustinen.
1:43 of 3rd period - Stopped by Matt Tomkins with a rebound.
1:45 of 3rd period - Snap shot by Isaak Phillips.
1:45 of 3rd period - Deflect By Morgan Frost.
1:45 of 3rd period - Stopped by Matt Tomkins with a rebound.
1:51 of 3rd period - Wrist shot by Adam Beckman.
1:51 of 3rd period - Stopped by Matt Tomkins with a rebound.
1:53 of 3rd period - Slapshot by Isaak Phillips.
1:53 of 3rd period - Shot Misses the Net.
1:55 of 3rd period - Slapshot by Artemi Kniazev.
1:55 of 3rd period - Stopped by Matt Tomkins with a rebound.
2:47 of 3rd period - Snap shot by Michael Dal Colle.
2:47 of 3rd period - Shot Misses the Net.
2:49 of 3rd period - Wrist shot by Dylan McLaughlin.
2:49 of 3rd period - Shot Blocked by Jamieson Rees.
2:51 of 3rd period - Snap shot by Michael Dal Colle.
2:51 of 3rd period - Goal by Michael Dal Colle - Sarnia Sailors : 7 - Orlando Solar Bears : 2.
2:52 of 3rd period - Jason Dickinson wins face-off versus Dominic Toninato in neutral zone.
3:39 of 3rd period - Slapshot by Emilio Pettersen.
3:39 of 3rd period - Shot Misses the Net.
3:41 of 3rd period - Slapshot by Jarred Tinordi.
3:41 of 3rd period - Shot Blocked by Connor Carrick.
3:43 of 3rd period - Slapshot by Jarred Tinordi.
3:43 of 3rd period - Shot Misses the Net.
4:01 of 3rd period - Max Gildon beats up Josh Dickinson.
4:01 of 3rd period - Penalty to Max Gildon for Fighting.
4:01 of 3rd period - Penalty to Josh Dickinson for Fighting.
4:01 of 3rd period - Penalty to Josh Dickinson for instigated a fight.
4:01 of 3rd period - Penalty to Josh Dickinson for instigated a fight.
4:02 of 3rd period - Dominic Toninato wins face-off versus Jason Dickinson in neutral zone.
4:13 of 3rd period - Snap shot by Dominic Toninato.
4:13 of 3rd period - Stopped by Felix Sandstrom with a rebound.
4:25 of 3rd period - Connor Carrick is hit by Isaak Phillips and loses puck.
4:50 of 3rd period - Michael Dal Colle is hit by Jason Dickinson.
5:09 of 3rd period - Snap shot by Jordan Martinook.
5:09 of 3rd period - Shot Blocked by Jack Rathbone.
5:11 of 3rd period - Slapshot by Isaak Phillips.
5:11 of 3rd period - Goal by Isaak Phillips - Sarnia Sailors : 7 - Orlando Solar Bears : 3.
5:12 of 3rd period - Dylan McLaughlin wins face-off versus Morgan Frost in neutral zone.
5:42 of 3rd period - Vasily Podkolzin is hit by Martin Pospisil and loses puck.
6:13 of 3rd period - Minor Penalty to Linus Weissbach for Roughing.
6:14 of 3rd period - Jason Dickinson wins face-off versus Dominic Toninato in Orlando Solar Bears zone.
6:22 of 3rd period - Slapshot by Dominic Toninato.
6:22 of 3rd period - Stopped by Felix Sandstrom without a rebound.
6:23 of 3rd period - Jason Dickinson wins face-off versus Dominic Toninato in Orlando Solar Bears zone.
6:41 of 3rd period - Snap shot by Vasily Podkolzin.
6:41 of 3rd period - Deflect By Keegan Kolesar.
6:41 of 3rd period - Goal by Keegan Kolesar - Sarnia Sailors : 8 - Orlando Solar Bears : 3.
6:41 of 3rd period - Filip Gustavsson enters game.
6:42 of 3rd period - Jason Dickinson wins face-off versus Dominic Toninato in neutral zone.
7:17 of 3rd period - Slapshot by Morgan Frost.
7:17 of 3rd period - Stopped by Matt Tomkins with a rebound.
7:29 of 3rd period - Wrist shot by Connor Carrick.
7:29 of 3rd period - Stopped by Filip Gustavsson without a rebound.
7:30 of 3rd period - Philip Tomasino wins face-off versus Connor Carrick in Orlando Solar Bears zone.
7:30 of 3rd period - Philip Tomasino is hit by Connor Carrick.
7:33 of 3rd period - Martin Pospisil and Dominic Turgeon fight to a draw.
7:33 of 3rd period - Penalty to Martin Pospisil for Fighting.
7:33 of 3rd period - Penalty to Dominic Turgeon for Fighting.
7:34 of 3rd period - Jason Dickinson wins face-off versus Dominic Toninato in neutral zone.
7:43 of 3rd period - Wrist shot by Jason Dickinson.
7:43 of 3rd period - Deflect By Jordan Martinook.
7:43 of 3rd period - Shot Misses the Net.
7:43 of 3rd period - Puck is out of play.
7:44 of 3rd period - Jason Dickinson wins face-off versus Keegan Kolesar in Sarnia Sailors zone.
8:03 of 3rd period - Snap shot by Keegan Kolesar.
8:03 of 3rd period - Shot Misses the Net.
8:04 of 3rd period - Keegan Kolesar beats up Jordan Martinook.
8:04 of 3rd period - Penalty to Jordan Martinook for Fighting.
8:04 of 3rd period - Penalty to Keegan Kolesar for Fighting.
8:05 of 3rd period - Dominic Toninato wins face-off versus Jason Dickinson in Orlando Solar Bears zone.
8:06 of 3rd period - Slapshot by Adam Erne.
8:06 of 3rd period - Shot Hit the Post.
8:13 of 3rd period - Jason Dickinson is hit by Connor Carrick and loses puck.
8:18 of 3rd period - Vasily Podkolzin is hit by Jarred Tinordi and loses puck.
8:31 of 3rd period - Yannick Weber is hit by Jarred Tinordi and loses puck.
8:36 of 3rd period - Snap shot by Linus Weissbach.
8:36 of 3rd period - Shot Blocked by Yannick Weber.
8:38 of 3rd period - Wrist shot by Linus Weissbach.
8:38 of 3rd period - Shot Misses the Net.
8:40 of 3rd period - Slapshot by Donovan Sebrango.
8:40 of 3rd period - Stopped by Matt Tomkins with a rebound.
8:42 of 3rd period - Slapshot by Isaak Phillips.
8:42 of 3rd period - Shot Misses the Net.
8:44 of 3rd period - Snap shot by Isaak Phillips.
8:44 of 3rd period - Stopped by Matt Tomkins without a rebound.
8:45 of 3rd period - Jason Dickinson wins face-off versus Aleksi Heponiemi in Sarnia Sailors zone.
9:11 of 3rd period - Isaak Phillips is hit by Dylan McLaughlin and loses puck.
12:49 of 3rd period - Valtteri Puustinen is hit by Michael Dal Colle and loses puck.
13:42 of 3rd period - Keegan Kolesar is hit by Artemi Kniazev and loses puck.
14:41 of 3rd period - David Warsofsky is hit by John Leonard and loses puck.
15:00 of 3rd period - Jarred Tinordi is hit by Connor Carrick.
15:24 of 3rd period - Michael Dal Colle is hit by Isaak Phillips and loses puck.
15:35 of 3rd period - Michael Dal Colle is hit by Martin Pospisil and loses puck.
15:46 of 3rd period - Dominic Toninato is hit by Jamieson Rees and loses puck.
15:57 of 3rd period - Seth Barton is hit by Artemi Kniazev and loses puck.
16:43 of 3rd period - Dominic Turgeon is hit by Alex Turcotte and loses puck.
16:54 of 3rd period - Chris Wideman is hit by Artemi Kniazev and loses puck.
18:07 of 3rd period - Jason Dickinson is hit by Aleksi Heponiemi.
18:22 of 3rd period - Max Gildon is hit by Chris Wideman and loses puck.
18:39 of 3rd period - Rob Hamilton is hit by Alex Turcotte and loses puck.
18:45 of 3rd period - Icing by Seth Barton.
18:46 of 3rd period - Dominic Turgeon wins face-off versus Morgan Frost in Sarnia Sailors zone.
19:01 of 3rd period - 10 Minutes Misconduct Penalty to Josh Dickinson is over.
Goals for this period are 2 for Sarnia Sailors vs 1 for Orlando Solar Bears.
Shots for this period are 6 for Sarnia Sailors vs 8 for Orlando Solar Bears.
Back to the Top